[Event "*** SCC Grand Prix: Titled Tuesday Blitz"]
[Site "Chess.com"]
[Date "2020.08.25"]
[Round "10"]
[White "Bulldog167"]
[Black "ElGasanov"]
[Result "1-0"]
[WhiteElo "2719"]
[BlackElo "2753"]
[TimeControl "180+1"]
[EndTime "12:00:15 PDT"]
[Termination "Bulldog167 won by checkmate"]

1. d4 e6 2. e4 d5 3. Nc3 Nf6 4. Bg5 dxe4 5. Nxe4 Be7 6. Bxf6 gxf6 7. Qd2 a6 8. O-O-O b5 9. g3 Qd5 10. Bg2 Qxa2 11.
Qc3 c6 12. d5 Nd7 13. Qxc6 Rb8 14. dxe6 fxe6 15. Nc3 Qc4 16. Nge2 Qxc6 17. Bxc6 Rb6 18.
Nd4 Kf7 19. f4 Nc5 20. Rhe1 Rd8 21. Bf3 b4 22. Ne4 Nxe4 23. Bxe4 Rbd6 24. c3 bxc3 25.
bxc3 f5 26. Bf3 Bf6 27. Bh5+ Kf8 28. Ne2 a5 29. Rxd6 Rxd6 30. Rd1 Rc6 31. Kc2 Ba6 32.
Nd4 Rb6 33. Bf3 Bc4 34. Ra1 Bxd4 35. cxd4 a4 36. Kc3 Bb3 37. Be2 Rc6+ 38. Kb4 Rc2 39. Bb5 Rxh2 40. Bxa4 Bd5 41. Ra3 Ke7 42. Kc5 Rd2 43.
Bb5 Rc2+ 44. Kb6 Kd6 45. Ra7 Rb2 46. Rd7# 1-0

[Event "*** SCC Grand Prix: Titled Tuesday Blitz"]
[Site "Chess.com"]
[Date "2020.08.25"]
[Round "10"]
[White "Vamostodorecto"]
[Black "GlennTipton"]
[Result "0-1"]
[WhiteElo "2321"]
[BlackElo "2436"]
[TimeControl "180+1"]
[EndTime "12:00:15 PDT"]
[Termination "GlennTipton won on time"]

1. d4 Nf6 2. c4 c5 3. d5 e6 4.
Nc3 exd5 5. cxd5 d6 6. e4 g6 7.
f4 Bg7 8. e5 dxe5 9. fxe5 Ng4 10.
e6 Ne5 11. Bb5+ Ke7 12. d6+ Qxd6 13. Nd5+ Kxe6 14. Ne2 f5 15. Qb3 c4 16. Bxc4 Nxc4 17. Qxc4 Kf7 18. Bf4 Be5 19. Rd1 Be6 20. Qb5 Bxf4 21.
Qxb7+ Qd7 22. Qxd7+ Nxd7 23. Nexf4 Bxd5 24. Rxd5 Nf6 25. Ra5 Rhe8+ 26. Kf2 g5 27. Nd5 Ng4+ 28. Kg3 Re5 29. h3 Ne3 30. Nxe3 Rxa5 31. Rf1 Kg6 32. Kf3 Rxa2 33. Nc4 Rc8 34. b3 Rc2 35. Rd1 Rc3+ 36. Kf2 Rxb3 37. Rd6+ Kh5 38. Ne5 Rc2+ 39. Kg1 g4 40. hxg4+ fxg4 41. Nf7 g3 42. Rh6+ Kg4 43. Ne5+ Kf5 0-1

[Event "*** SCC Grand Prix: Titled Tuesday Blitz"]
[Site "Chess.com"]
[Date "2020.08.25"]
[Round "10"]
[White "Caterpiller35"]
[Black "shineatchess"]
[Result "1-0"]
[WhiteElo "2342"]
[BlackElo "2211"]
[TimeControl "180+1"]
[EndTime "12:00:15 PDT"]
[Termination "Caterpiller35 won on time"]

1. d4 Nf6 2. Bg5 d5 3. e3 c6 4. Nd2 Nbd7 5. f4 e6 6. Bd3 Qb6 7. Rb1 Bd6 8. Ngf3 c5 9. c3 Qc7 10. Ne5 b6 11. O-O Bb7 12. Qf3 h6 13. Bh4 O-O 14.
g4 g6 15. g5 hxg5 16. Bxg5 Kg7 17. Rf2 Rh8 18. Rg2 Rag8 19. Rf1 Kf8 20. f5 gxf5 21. Bxf5 exf5 22. Qxf5 Bxe5 23. dxe5 Qxe5 24. Qxe5 Nxe5 25. Bxf6 Rxg2+ 26. Kxg2 Rg8+ 27. Kh3 Bc8+ 28. Kh4 Ng6+ 29.
Kh5 Be6 30. e4 Ne7 31. Rf4 dxe4 32. Nxe4 Nd5 33. Rf2 Nxf6+ 34. Nxf6 Rh8+ 35. Kg5 1-0

[Event "*** SCC Grand Prix: Titled Tuesday Blitz"]
[Site "Chess.com"]
[Date "2020.08.25"]
[Round "10"]
[White "pavelalexandru07"]
[Black "creativity"]
[Result "1-0"]
[WhiteElo "2192"]
[BlackElo "2021"]
[TimeControl "180+1"]
[EndTime "12:00:15 PDT"]
[Termination "pavelalexandru07 won by resignation"]

1. e4 d6 2. d4 Nf6 3. Nc3 g6 4. f4 Bg7 5. Nf3 O-O 6. Bd3 Na6 7. O-O Bg4 8. h3 Bxf3 9. Qxf3 Nb4 10. Be3 Nxd3 11.
cxd3 c6 12. Rad1 d5 13. e5 Nd7 14. f5 gxf5 15. Qxf5 e6 16. Qh5 f5 17. exf6 Rxf6 18. Bg5 Rxf1+ 19. Rxf1 Qe8 20. Qg4 Qg6 21. Ne2 h6 22.
Nf4 Qxg5 23. Qxe6+ Kh7 24. Qxd7 Rd8 25. Qxb7 Kh8 26.
Qxc6 Bxd4+ 27. Kh1 Be5 28. Ng6+ Kg7 29. Nxe5 Qxe5 30. Qb7+ Kh8 31. Qxa7 Rg8 32. Qf7 Qg3 33. Qf6+ Rg7 34. Qf8+ Kh7 35. Qf5+ Kh8 36. Qf3 Qc7 37. Qxd5 Qg3 38. Qd8+ Kh7 39. Rg1 Rc7 40. Qd5 Rf7 41.
Qxf7+ Kh8 42. Rf1 Qg7 43. Qxg7+ Kxg7 44. d4 Kg6 45. d5 h5 46. d6 h4 47. d7 1-0

[Event "*** SCC Grand Prix: Titled Tuesday Blitz"]
[Site "Chess.com"]
[Date "2020.08.25"]
[Round "10"]
[White "frequentblunders"]
[Black "sertalzin"]
[Result "1-0"]
[WhiteElo "2080"]
[BlackElo "1870"]
[TimeControl "180+1"]
[EndTime "12:00:15 PDT"]
[Termination "frequentblunders won on time"]

1. e4 c5 2. c4 Nc6 3. Nc3 e6 4.
f4 d6 5. Nf3 g6 6. d4 cxd4 7.
Nxd4 Bg7 8. Be3 Nge7 9. Be2 O-O 10. Qd2 d5 11. cxd5 exd5 12. e5 Nxd4 13. Bxd4 Be6 14. O-O a6 15. g4 Nc6 16. f5 Nxd4 17.
Qxd4 gxf5 18. gxf5 Qg5+ 19. Qg4 Qe3+ 20. Kh1 d4 21. Ne4 Bd5 22. Bf3 Kh8 23. f6 Bh6 24. Rae1 Qf4 25. Qxf4 Bxf4 26. Nd6 Bxf3+ 27. Rxf3 Be3 28.
Rfxe3 dxe3 29. Rxe3 b5 30. Rc3 Ra7 31. Kg2 h6 32.
Kf3 Kh7 33. Kf4 Kg6 34. Rg3+ Kh7 35. Rg7+ Kh8 36. Kf5 Rc7 37. Rg4 Rc5 38. Rh4 Kh7 39. Rg4 Rc2 40. Rg7+ Kh8 41. Nxf7+ Rxf7 42. Rxf7 Rxb2 43.
e6 1-0

[Event "*** SCC Grand Prix: Titled Tuesday Blitz"]
[Site "Chess.com"]
[Date "2020.08.25"]
[Round "10"]
[White "Klavdia_Nik"]
[Black "ExtremeLearner"]
[Result "0-1"]
[WhiteElo "2087"]
[BlackElo "2393"]
[TimeControl "180+1"]
[EndTime "12:00:16 PDT"]
[Termination "ExtremeLearner won on time"]

1. Nf3 d5 2. c4 c6 3. b3 Nf6 4. Bb2 Bg4 5. Ne5 Bf5 6. g3 Nbd7 7. Nf3 e6 8. Bg2 Be7 9. O-O a5 10. Nc3 O-O 11. d3 h6 12. Re1 Bh7 13. Qd2 Rb8 14. Rad1 b5 15. e4 Nc5 16. Ne5 Qc7 17. exd5 exd5 18. d4 Nce4 19. Nxe4 Nxe4 20. Bxe4 dxe4 21. cxb5 cxb5 22. Rc1 Qb7 23. Qxa5 Ra8 24. Qc7 Qxc7 25. Rxc7 Bd6 26. Rd7 Bxe5 27. dxe5 Rxa2 28. Bd4 Rd2 29. Rc1 Bf5 30. Rd6 Ra8 31. Be3 Rxd6 32. exd6 Rd8 33. Bc5 Be6 34. b4 Bc4 35. Ra1 f5 36. Ra7 Be6 37. h4 Bd7 38. Kf1 Kf7 39. Ke2 Ke6 40. Ke3 Rf8 41. Rb7 g5 42. hxg5 hxg5 43. Kd4 f4 44. Kxe4 fxg3 45. fxg3 Bc6+ 46. Kd4 Bxb7 47. d7 Rd8 0-1

[Event "*** SCC Grand Prix: Titled Tuesday Blitz"]
[Site "Chess.com"]
[Date "2020.08.25"]
[Round "10"]
[White "RenarddesSurfaces"]
[Black "Sophist4Life"]
[Result "1-0"]
[WhiteElo "2556"]
[BlackElo "2444"]
[TimeControl "180+1"]
[EndTime "12:00:18 PDT"]
[Termination "RenarddesSurfaces won on time"]

1. e4 c5 2. c3 d5 3. exd5 Qxd5 4. d4 Nf6 5. Nf3 Bg4 6. Nbd2 e6 7.
Qa4+ Nc6 8. Bc4 Qd6 9. Bb5 cxd4 10. Nc4 Qc7 11. Bf4 Qxf4 12. Bxc6+ Kd8 13. Bxb7 Rb8 14. Qxa7 Qc7 15. Na5 Bxf3 16. gxf3 Bc5 17. Qa6 dxc3 18. Nc6+ Kd7 19. Rd1+ Bd6 20. Nxb8+ Rxb8 21. Be4 Nxe4 22.
fxe4 cxb2 23. O-O Ke7 24. Rb1 Bxh2+ 25. Kg2 Bf4 26. Rxb2 Rxb2 27. Qa3+ Kf6 28. Qxb2+ Be5 29. Qe2 g5 30. Qh5 Bf4 31. Qxh7 Qc2 32. Qh6+ Ke5 33. Re1 Qxa2 34. Qg7+ Kd6 35. e5+ Kd5 36. Qxf7 Qd2 37.
Qd7+ Kc4 38. Re4+ Kc3 39. Qxd2+ Bxd2 40. Kf3 Kd3 41. Re2 Bf4 42. Re4 1-0

[Event "*** SCC Grand Prix: Titled Tuesday Blitz"]
[Site "Chess.com"]
[Date "2020.08.25"]
[Round "10"]
[White "SilviusTiberius"]
[Black "Playgood28"]
[Result "1-0"]
[WhiteElo "2472"]
[BlackElo "2348"]
[TimeControl "180+1"]
[EndTime "12:00:19 PDT"]
[Termination "SilviusTiberius won on time"]

1. e4 e5 2. Nf3 d6 3. d4 exd4 4. Nxd4 Nf6 5. Nc3 Be7 6. Be2 O-O 7. Bf4 a6 8. g4 d5 9. e5 Ne8 10. Nf5 c6 11. Qd3 Nc7 12. O-O-O Nd7 13. Qh3 Bg5 14. Bxg5 Qxg5+ 15. Kb1 Nxe5 16. f4 Qxf4 17. Rhf1 Qg5 18. Qg3 Bxf5 19. Rxf5 Qe7 20. Rxe5 Qd7 21. Bd3 g6 22. Rde1 Rae8 23. g5 Rxe5 24. Rxe5 b5 25. Ne2 Re8 26. c3 Rxe5 27. Qxe5 Ne6 28. h4 c5 29. Bc2 d4 30. cxd4 cxd4 31. Bb3 d3 32. Bxe6 fxe6 33. Nc3 d2 34. Kc2 b4 35. Nd1 Qa4+ 36. Kxd2 Qxa2 37. Qb8+ Kf7 38. Qxb4 Qd5+ 39.
Ke2 Qg2+ 40. Nf2 Qd5 41. Qf4+ Kg8 42. Ne4 Qb5+ 43. Kf3 Qxb2 44. Nf6+ Kh8 45. Qd6 Qc3+ 46. Ke4 1-0

[Event "*** SCC Grand Prix: Titled Tuesday Blitz"]
[Site "Chess.com"]
[Date "2020.08.25"]
[Round "10"]
[White "Ginger_GM"]
[Black "Tooweak2slow03"]
[Result "1-0"]
[WhiteElo "2583"]
[BlackElo "2687"]
[TimeControl "180+1"]
[EndTime "12:00:21 PDT"]
[Termination "Ginger_GM won by resignation"]

1. e4 e6 2. Nf3 d5 3. e5 Bd7 4. a3 a5 5. d4 c5 6. c3 Qb6 7. a4 Ne7 8. Bd3 Nbc6 9. O-O cxd4 10. cxd4 Nxd4 11. Nc3 Nxf3+ 12. Qxf3 Ng6 13. Bb5 Bxb5 14. Nxb5 Nxe5 15. Qg3 f6 16. Bf4 Kf7 17. Bxe5 fxe5 18. Qxe5 Be7 19. Rae1 Rad8 20. Kh1 Bf6 21. Qg3 Rhe8 22.
f4 Kg8 23. b3 Qc5 24. Re2 Qb4 25. Rfe1 d4 26. Qd3 Qc5 27. h3 Bh4 28. Rd1 e5 29. fxe5 Rxe5 30. Rxe5 Qxe5 31. Rf1 h6 32. Qc4+ Kh8 33.
Qd3 Bf6 34. Na3 Qe3 35. Rd1 Qg5 36. Nc4 b5 37. axb5 Qxb5 38. Re1 Qb4 39. Rf1 Re8 40.
Qg6 Re1 41. Qf5 Rxf1+ 42. Qxf1 Qxb3 43. Nd6 Qe6 44. Qf4 Qe5 45. Nf7+ Kh7 46. Nxe5 Bxe5 47. Qxe5 d3 48. Qe4+ 1-0

[Event "*** SCC Grand Prix: Titled Tuesday Blitz"]
[Site "Chess.com"]
[Date "2020.08.25"]
[Round "10"]
[White "crescentmoon2411"]
[Black "AnonymousIM2023"]
[Result "1-0"]
[WhiteElo "2769"]
[BlackElo "2624"]
[TimeControl "180+1"]
[EndTime "12:00:23 PDT"]
[Termination "crescentmoon2411 won on time"]

1. e4 c5 2. Nf3 Nc6 3. Bb5 g6 4.
Bxc6 dxc6 5. d3 Qc7 6. Be3 e5 7. Nbd2 Nf6 8. Nc4 Nh5 9. Qd2 f6 10. a4 Be6 11. Qc3 a5 12. h3 Be7 13. g4 Ng7 14. g5 O-O 15. gxf6 Bxf6 16. Bxc5 Rfe8 17. Bd6 Qd7 18. Bxe5 Be7 19. O-O-O Bb4 20. Qd4 Qe7 21. Bd6 Bxd6 22. Qxd6 Bxc4 23. Qxe7 Rxe7 24. dxc4 Rxe4 25.
Rd4 Rxd4 26. Nxd4 Rf8 27. Nb3 Rxf2 28. Nxa5 Nf5 29. Nxb7 Nd4 30. Kb1 Nxc2 31. Ka2 Nb4+ 32. Ka3 Nd3 33. b3 Rf7 34. Nd6 Rf6 35. Ne4 Rf4 36.
Rd1 Ne5 37. Rd8+ Kg7 38. Nc5 Rf3 39. Kb2 Rf2+ 40. Kc3 Rf3+ 41. Kd4 Nf7 42. Rd7 Rxh3 43. a5 Rh1 44. a6 Rd1+ 45. Kc3 Ra1 46. a7 1-0

[Event "*** SCC Grand Prix: Titled Tuesday Blitz"]
[Site "Chess.com"]
[Date "2020.08.25"]
[Round "10"]
[White "Dr_crypt"]
[Black "Crazy_girl99"]
[Result "0-1"]
[WhiteElo "2393"]
[BlackElo "2519"]
[TimeControl "180+1"]
[EndTime "12:00:23 PDT"]
[Termination "Crazy_girl99 won on time"]

1. d4 d5 2. Nf3 Nf6 3. Bf4 e6 4. e3 Bd6 5. Bg3 O-O 6. Nbd2 b6 7. Bd3 Bb7 8. c3 c5 9. Qe2 Nc6 10. Rd1 Qc7 11. e4 dxe4 12. Nxe4 Nxe4 13. Qxe4 g6 14. dxc5 bxc5 15. Qh4 Ne5 16. Ng5 h5 17. Ne4 Nxd3+ 18. Rxd3 Bxg3 19. hxg3 Rfd8 20. Nf6+ Kf8 21. Re3 Bxg2 22.
Rg1 Qb7 23. Nxh5 gxh5 24. Qxh5 Qd5 25. Qe2 Bh3 26. f3 Bf5 27. Rh1 Ke7 28. g4 Bd3 29.
Qf2 c4 30. Rh5 Qd6 31. Qh4+ Kd7 32. Qf6 Qe7 33. Qd4+ Kc7 34. Rc5+ Kb6 35. Rd5+ Kc7 36. Rc5+ Kb7 37. Qe5 Rac8 38. Ra5 Rc6 39. Ra4 Rb6 40. Qa5 Kb8 41. Re5 Qc7 42. Rb5 Rd6 0-1

[Event "*** SCC Grand Prix: Titled Tuesday Blitz"]
[Site "Chess.com"]
[Date "2020.08.25"]
[Round "10"]
[White "stolencandy13"]
[Black "Mikasinski"]
[Result "1-0"]
[WhiteElo "2517"]
[BlackElo "2370"]
[TimeControl "180+1"]
[EndTime "12:00:23 PDT"]
[Termination "stolencandy13 won by resignation"]

1. e4 c5 2. Nf3 d6 3. d4 cxd4 4.
Nxd4 Nf6 5. Nc3 g6 6. Be3 Bg7 7. f3 O-O 8. Qd2 Nc6 9. O-O-O Bd7 10. Bc4 Rc8 11. Bb3 Ne5 12. Kb1 Nc4 13. Bxc4 Rxc4 14. h4 h5 15. Nb3 Qb8 16. Bh6 Rfc8 17. Bxg7 Kxg7 18. g4 hxg4 19. h5 Rh8 20. hxg6 fxg6 21. Rhg1 gxf3 22. Qg5 Be8 23. Nd5 Rh5 24. Qg3 Rxe4 25.
Nxf6 exf6 26. Qxf3 Ree5 27. Nd4 Bf7 28. Rdf1 Qd8 29.
Qxb7 Qa5 30. a3 Qd5 31. Qxd5 Rxd5 32. Nc6 Rdg5 33. Nxa7 Bc4 34. Re1 Rxg1 35. Rxg1 Rc5 36. b3 Ba6 37. a4 g5 38. c4 Bxc4 39. bxc4 Rxc4 40. Nb5 Rb4+ 41. Kc2 Rxa4 42. Nxd6 Kg6 43. Kd3 Ra6 44. Ne4 Ra5 45. Ke3 Rf5 46. Ng3 Re5+ 47. Kd4 Re8 48. Ne4 Rd8+ 49. Ke3 Re8 50. Kf3 Kf5 51.
Nd6+ 1-0

[Event "*** SCC Grand Prix: Titled Tuesday Blitz"]
[Site "Chess.com"]
[Date "2020.08.25"]
[Round "10"]
[White "AldokhinIvan"]
[Black "KaterinaMiroshnik"]
[Result "0-1"]
[WhiteElo "2530"]
[BlackElo "2452"]
[TimeControl "180+1"]
[EndTime "12:00:24 PDT"]
[Termination "KaterinaMiroshnik won by checkmate"]

1. d4 e6 2. c4 Nf6 3. Nc3 Bb4 4. e3 O-O 5. Ne2 d5 6. a3 Be7 7. cxd5 exd5 8. b4 a5 9. Rb1 axb4 10. axb4 c6 11. Ng3 b5 12. Bd3 Na6 13. Na2 Nc7 14. Qc2 Ra6 15. O-O g6 16. f3 Bd6 17. Nc3 Qe7 18. Qb3 Be6 19. Nce2 h5 20. Rd1 Ra4 21. Bd2 Rfa8 22. Rdc1 Bd7 23. Qd1 Bxb4 24. e4 Bxd2 25. Qxd2 Ra2 26. Qf4 Ne6 27. Qh6 dxe4 28. Bxe4 Nxe4 29.
fxe4 h4 30. d5 cxd5 31. exd5 Ng7 32. Nc3 hxg3 33. Nxa2 Rxa2 34. hxg3 Qe2 35. Qh2 Nf5 36. Rc3 Qe5 37. Rf3 Qxd5 38. g4 Nd4 39. Qb8+ Kg7 40. Rh3 Ne2+ 41. Kh1 Kf6 42. Qh8+ Ke7 43. Re3+ Be6 44.
Re1 Ng3+ 45. Kh2 Qxg2# 0-1

[Event "*** SCC Grand Prix: Titled Tuesday Blitz"]
[Site "Chess.com"]
[Date "2020.08.25"]
[Round "10"]
[White "Chess_Boxer123"]
[Black "Nafania1"]
[Result "1-0"]
[WhiteElo "2551"]
[BlackElo "2441"]
[TimeControl "180+1"]
[EndTime "12:00:25 PDT"]
[Termination "Chess_Boxer123 won by resignation"]

1. Nf3 c5 2. b3 Nc6 3. Bb2 Nf6 4. e3 g6 5. d4 cxd4 6. exd4 d5 7. Be2 Bg7 8. O-O O-O 9. c4 Bg4 10. Nbd2 e6 11. h3 Bxf3 12. Nxf3 Rc8 13. Rc1 Ne4 14. Bd3 f5 15. Qe2 h6 16. Ne5 Nxe5 17. dxe5 Qb6 18. Kh2 Rfd8 19. cxd5 exd5 20. f4 Qa5 21. Bd4 b6 22.
Ba6 Rxc1 23. Rxc1 Bf8 24. Rc2 Bc5 25. Ba1 d4 26. Bd3 Nc3 27. Qf3 b5 28. Qc6 Qb6 29. Qf3 b4 30. g4 Kh7 31. gxf5 gxf5 32. Bxf5+ Kh8 33. Bd3 Rg8 34. Rg2 Rxg2+ 35. Qxg2 Qe6 36. Qa8+ Kg7 37. Qb7+ Be7 38. Qg2+ Kh8 39. Bc4 Qc8 40. Bb2 Qf8 41. Bc1 a5 42. f5 Bg5 43. Bxg5 hxg5 44. Qxg5 Qg7 45. Qh5+ Qh7 46. Qe8+ Kg7 47. Qe7+ Kh6 48. Qh4+ Kg7 49. f6+ Kh8 50. Qxh7+ Kxh7 51. e6 Ne4 52. Bd3 Kg6 53. e7 Kf7 54. Bxe4 d3 55. Bxd3 1-0

[Event "*** SCC Grand Prix: Titled Tuesday Blitz"]
[Site "Chess.com"]
[Date "2020.08.25"]
[Round "10"]
[White "Arjun2002"]
[Black "ShimanovAlex"]
[Result "1-0"]
[WhiteElo "2736"]
[BlackElo "2770"]
[TimeControl "180+1"]
[EndTime "12:00:26 PDT"]
[Termination "Arjun2002 won on time"]

1. e4 d5 2. exd5 Qxd5 3. Nc3 Qd6 4. d4 Nc6 5. Nf3 Nf6 6. Nb5 Qd8 7. c4 a6 8. Nc3 e6 9. Be2 b6 10. O-O Bb7 11.
Be3 Bd6 12. h3 h6 13. a3 O-O 14. b4 Re8 15. Rc1 Nb8 16. Qd2 Nbd7 17. Rfd1 a5 18. c5 Bf8 19. Qb2 axb4 20. axb4 Nd5 21. Bd2 Nxc3 22.
Bxc3 Bd5 23. Ra1 Qb8 24. Qd2 Qb7 25. Qe3 Be7 26. Rdb1 Rxa1 27. Rxa1 Ra8 28. Qc1 Bf6 29. b5 c6 30. Rb1 Qc7 31. cxb6 Nxb6 32. Bd2 Rc8 33. Bf4 Qa7 34. Qe3 cxb5 35. Bxb5 Qa2 36. Rc1 Nc4 37. Bxc4 Rxc4 38. Ne5 Rxc1+ 39. Qxc1 Qa8 40. Qe3 Bxg2 41. Bxh6 Bd5 42. Bf4 Qa1+ 43. Qc1 Qxd4 44. Ng4 Bh4 45. Qc8+ Kh7 46. Qc2+ f5 47. Be5 Qa1+ 48. Bxa1 1-0

[Event "*** SCC Grand Prix: Titled Tuesday Blitz"]
[Site "Chess.com"]
[Date "2020.08.25"]
[Round "10"]
[White "Dinamo3"]
[Black "azikom"]
[Result "0-1"]
[WhiteElo "2481"]
[BlackElo "2625"]
[TimeControl "180+1"]
[EndTime "12:00:26 PDT"]
[Termination "azikom won on time"]

1. e4 c5 2. Nf3 e6 3. d4 cxd4 4. Nxd4 a6 5. Bd3 g6 6. O-O Bg7 7. Nb3 Ne7 8. c4 O-O 9. Nc3 d5 10. cxd5 exd5 11. Bg5 d4 12. Nd5 Nbc6 13. Rc1 h6 14.
Bh4 g5 15. Nxe7+ Qxe7 16. Bg3 a5 17. Bb5 a4 18. Nc5 a3 19. bxa3 Rxa3 20. Qd2 Rd8 21. Rfe1 Rc3 22. Nd3 Be6 23. Rb1 Ra8 24. Rb2 Raa3 25. f4 Bc4 26. Bxc4 Rxc4 27. e5 Rcc3 28. Nf2 Re3 29. Rc1 Qd7 30. Rcb1 Qd5 31. Rxb7 Rxa2 32. R7b2 Ra8 33. fxg5 hxg5 34. Ng4 Qe4 35. Nxe3 dxe3 36. Qc2 Qxc2 37. Rxc2 Nd4 38. Rc4 Nf5 39. Re4 Ra2 40. Rf1 Nxg3 41. hxg3 Bf8 42. Kh2 Bc5 43. Re1 Kg7 44. Kh3 Kg6 45. Rc4 Ba7 46. Re4 Kf5 47. Rc4 Kxe5 48. g4 Ra3 49. Kh2 f6 50. Re2 Bd4 51.
Kg3 Kd5 52. Rb4 Ke4 53. Rb8 Kd3 54. Re8 Ra1 0-1

[Event "*** SCC Grand Prix: Titled Tuesday Blitz"]
[Site "Chess.com"]
[Date "2020.08.25"]
[Round "10"]
[White "Fandorine"]
[Black "Phenix2k"]
[Result "1-0"]
[WhiteElo "2909"]
[BlackElo "2184"]
[TimeControl "180+1"]
[EndTime "12:00:27 PDT"]
[Termination "Fandorine won by resignation"]

1. d4 Nf6 2. c4 g6 3. Nc3 Bg7 4.
e4 d6 5. Nf3 O-O 6. Be2 e5 7.
O-O Nc6 8. d5 Ne7 9. b4 a5 10.
bxa5 c5 11. a4 Rxa5 12. Bd2 Ra6 13. Ra3 Kh8 14. Kh1 Neg8 15. Ne1 Ne8 16. g4 Bh6 17.
Ng2 Bxd2 18. Qxd2 g5 19. Ne3 Ne7 20. Ng2 Ng6 21. Nb5 Nf6 22. f3 Ng8 23. a5 h6 24.
Rb1 N8e7 25. Ne3 Nf4 26. Nf5 Nxf5 27. exf5 Kg7 28. Bf1 Rh8 29. Nc3 h5 30. Ne4 f6 31.
Rab3 Qxa5 32. Qxa5 Rxa5 33. Nxd6 hxg4 34. fxg4 Ra2 35.
h3 b6 36. Nxc8 Rxc8 37. Rxb6 e4 38. Re6 Nxe6 39. fxe6 e3 40. Re1 e2 41. Bxe2 Rd8 42. e7 Re8 43. Bd3 Ra7 44. d6 Kf7 45. Bf5 Ra6 46. d7 Rxe7 47. d8=Q Rxe1+ 48. Kg2 Re2+ 49. Kf3 Re7 50. Qd5+ Kg7 51. Qxc5 Ra5 52. Qxe7+ 1-0

[Event "*** SCC Grand Prix: Titled Tuesday Blitz"]
[Site "Chess.com"]
[Date "2020.08.25"]
[Round "10"]
[White "dretch"]
[Black "vinniethepooh"]
[Result "1-0"]
[WhiteElo "2771"]
[BlackElo "2674"]
[TimeControl "180+1"]
[EndTime "12:00:27 PDT"]
[Termination "dretch won on time"]

1. d4 Nf6 2. c4 e6 3. Nc3 Bb4 4.
Qc2 d6 5. e3 O-O 6. Bd3 c5 7. Ne2 Nc6 8. O-O e5 9. d5 Ne7 10. f4 Ng6 11. f5 Ne7 12. Ne4 Nxe4 13.
Bxe4 f6 14. g4 g6 15. Ng3 Kh8 16. h3 gxf5 17. Nxf5 Bxf5 18. Bxf5 Nxf5 19. Rxf5 Qe7 20. e4 Rg8 21. Be3 Rg6 22. Raf1 Ba5 23. Kh2 Rag8 24. Bf2 Bd8 25. Bh4 Qg7 26. Qf2 Rf8 27. g5 Rf7 28. gxf6 Qh6 29. Rg1 Rxg1 30. Kxg1 a6 31. Kh2 b5 32. b3 b4 33. Bg5 Qg6 34. Qh4 a5 35. Qg4 Bxf6 36. Qf3 Kg7 37. Be3 Kg8 38. Qg4 Kg7 39. Kg3 Qxg4+ 40. Kxg4 Be7 41. Rxf7+ Kxf7 42. Kf5 Bd8 43. Bh6 Be7 44. Bg5 Bxg5 45. Kxg5 Kg7 46. h4 h6+ 47. Kf5 Kf7 48. h5 Ke7 49. Kg6 Kf8 50. Kf6 1-0

[Event "*** SCC Grand Prix: Titled Tuesday Blitz"]
[Site "Chess.com"]
[Date "2020.08.25"]
[Round "10"]
[White "Euge_chess"]
[Black "Spriteball"]
[Result "0-1"]
[WhiteElo "2077"]
[BlackElo "2234"]
[TimeControl "180+1"]
[EndTime "12:00:29 PDT"]
[Termination "Spriteball won on time"]

1. e4 c5 2. c3 d5 3. exd5 Qxd5 4.
d4 Nc6 5. Nf3 Bg4 6. Be2 Nf6 7.
O-O cxd4 8. cxd4 e6 9. Nc3 Qd8 10. Be3 Be7 11. Qb3 Qd7 12. Ne5 Nxd4 13. Nxd7 Nxb3 14.
Nxf6+ Bxf6 15. axb3 Bxe2 16. Nxe2 Bxb2 17. Rxa7 Rxa7 18.
Bxa7 O-O 19. Rb1 Be5 20. Bd4 Bd6 21. Kf1 Rc8 22. Rc1 Rd8 23. g3 Kf8 24. Bc5 Bxc5 25. Rxc5 Rd7 26. Ke1 Ke7 27. Nc3 Kd6 28. Rc4 e5 29. Ke2 Ke6 30. Ne4 Kd5 31. f3 f5 32.
Nc3+ Ke6 33. Rb4 Rc7 34. Kd2 Rd7+ 35. Kc2 Rc7 36. Rb6+ Ke7 37. Kd2 Kf7 38. Nb5 Rd7+ 39. Nd6+ Ke6 40. Ke3 Rxd6 41. Rxb7 g5 42. Rxh7 f4+ 43.
gxf4 gxf4+ 44. Ke2 Kd5 45. Rh5 Kd4 46. Rf5 Ra6 47. Rf7 Ra2+ 48. Kd1 Ke3 49. Rd7 Kxf3 50. Rd5 e4 51. Rh5 e3 52. Re5 e2+ 53. Ke1 Ra1+ 54. Kd2 Rd1+ 55. Kc2 e1=Q 0-1

[Event "*** SCC Grand Prix: Titled Tuesday Blitz"]
[Site "Chess.com"]
[Date "2020.08.25"]
[Round "10"]
[White "okriak"]
[Black "chessdjw"]
[Result "1/2-1/2"]
[WhiteElo "2706"]
[BlackElo "2602"]
[TimeControl "180+1"]
[EndTime "12:00:30 PDT"]
[Termination "Game drawn - insufficient material"]

1. e4 Nf6 2. e5 Nd5 3. d4 d6 4. Nf3 dxe5 5. Nxe5 g6 6. Bc4 Bg7 7. Qf3 Be6 8. O-O O-O 9. Re1 c6 10. c3 Nd7 11. Nxd7 Qxd7 12. Nd2 Nc7 13. Bb3 Rfe8 14.
Ne4 Bd5 15. Nc5 Bxf3 16. Nxd7 Bd5 17. Nc5 b6 18. Nd3 a5 19. Bf4 Ne6 20. c4 Nxf4 21.
Nxf4 a4 22. cxd5 axb3 23. axb3 Rxa1 24. Rxa1 cxd5 25. Nxd5 Bxd4 26. Rd1 Bxb2 27. Nxb6 Rb8 28. Nc4 Bc3 29. Rb1 h5 30. g3 g5 31. Kg2 Kg7 32. Ne3 e6 33. h3 Kg6 34. g4 h4 35. Kf3 Kf6 36. Ke4 Rb4+ 37. Kd3 Be5 38. Nc4 Bc7 39.
Kc3 Rb5 40. b4 Ke7 41. Ne3 Bb6 42. Kc4 Re5 43. Rb3 Re4+ 44. Kd3 Rf4 45. Ke2 Kd6 46. b5 Kc5 47. Rb1 f5 48. gxf5 exf5 49. Rg1 Bd8 50. Rb1 g4 51. Rh1 Kxb5 52. hxg4 fxg4 53. Ng2 Re4+ 54.
Kd3 Ra4 55. Nxh4 Bxh4 56. Rxh4 Kc5 57. Ke3 Kd5 58. f3 Ra3+ 59. Kf2 gxf3 60. Rf4 Ke5 61.
Rxf3 Rxf3+ 62. Kxf3 1/2-1/2

[Event "*** SCC Grand Prix: Titled Tuesday Blitz"]
[Site "Chess.com"]
[Date "2020.08.25"]
[Round "10"]
[White "teacher4chess"]
[Black "mfwagnerpeixoto"]
[Result "0-1"]
[WhiteElo "2029"]
[BlackElo "2223"]
[TimeControl "180+1"]
[EndTime "12:00:30 PDT"]
[Termination "mfwagnerpeixoto won by checkmate"]

1. d4 Nf6 2. c4 g6 3. Nc3 d5 4.
Nf3 Bg7 5. Bf4 O-O 6. e3 c5 7. dxc5 Qa5 8. Qa4 Qxa4 9. Nxa4 Ne4 10. cxd5 Bd7 11. Bd3 Bxa4 12. Bxe4 Nd7 13. Rc1 Bxb2 14. Rb1 Bc3+ 15. Ke2 Nxc5 16. Bd3 b6 17. Rhc1 Bf6 18. Bb5 Bxb5+ 19. Rxb5 Ne4 20. Be5 Rfd8 21. Rc7 Nd6 22. Bxd6 Rxd6 23. e4 e5 24. dxe6 Rxe6 25. Ke3 a6 26.
Rd5 Rae8 27. e5 Bxe5 28. Nxe5 Rxe5+ 29. Rxe5 Rxe5+ 30. Kd4 Ra5 31. Rb7 Rxa2 32. Rxb6 Rxf2 33. Rxa6 Rxg2 34. h4 Rg4+ 35. Ke5 Kg7 36. h5 Rg5+ 37. Kf4 Rxh5 38. Ra7 Rf5+ 39. Kg4 h5+ 40. Kg3 Kh6 41. Rxf7 Rxf7 42. Kh4 g5+ 43. Kg3 h4+ 44. Kg2 Kh5 45.
Kh2 Rf2+ 46. Kg1 Ra2 47. Kh1 Kg4 48. Kg1 Kf3 49. Kf1 Ra1# 0-1

[Event "*** SCC Grand Prix: Titled Tuesday Blitz"]
[Site "Chess.com"]
[Date "2020.08.25"]
[Round "10"]
[White "MariaFominykh"]
[Black "Khazieva_Elza"]
[Result "1-0"]
[WhiteElo "2301"]
[BlackElo "2405"]
[TimeControl "180+1"]
[EndTime "12:00:31 PDT"]
[Termination "MariaFominykh won on time"]

1. d4 Nf6 2. c4 d6 3. Nf3 Bf5 4.
g3 c6 5. Bg2 h6 6. O-O Nbd7 7.
Nc3 e5 8. h3 Be7 9. Be3 O-O 10.
b4 Qc7 11. dxe5 dxe5 12. c5 Ne4 13. Nxe4 Bxe4 14. Nd2 Bxg2 15. Kxg2 Nf6 16. Nc4 Nd5 17. Bd2 e4 18. f3 Bf6 19. Rc1 exf3+ 20. exf3 Rfe8 21. Re1 Qd7 22. Nd6 Rxe1 23. Qxe1 Be7 24. Nc4 Re8 25. Qf2 Bf8 26. Re1 Rxe1 27. Qxe1 Qf5 28.
Qe4 Qf6 29. Qe8 Qd4 30. Qe2 Nc3 31. Bxc3 Qxc3 32. a3 g6 33. h4 Bg7 34. Nd6 Qb3 35.
Nxb7 Qxa3 36. Qe8+ Bf8 37. Nd6 Qb2+ 38. Kh3 Qf6 39.
Qxc6 g5 40. hxg5 hxg5 41. Ne4 Qf5+ 42. Kg2 Qe5 43. Qf6 Qxf6 44. Nxf6+ Kg7 45. Nd7 Be7 46.
c6 Bd6 47. b5 f5 48. Nc5 Kf6 49. Na6 1-0